 Dungeon Crawl Stone Soup version 0.21.1-1-g345015fe64 (webtiles) character file.

568682 Lentor the Skullcrusher (level 25, -2/307 HPs)
             Began as a Minotaur Berserker on June 28, 2018.
             Was the Champion of Trog.
             Slain by a vampire (7 damage)
             ... summoned by a curse skull
             ... on level 2 of the Crypt.
             The game lasted 03:18:19 (72465 turns).

Lentor the Skullcrusher (Minotaur Berserker)       Turns: 72465, Time: 03:18:20

Health: -2/307     AC: 34    Str: 34      XL:     25   Next: 1%
Magic:  6/6        EV: 18    Int:  6 (7)  God:    Trog [******]
Gold:   7655       SH: 20    Dex: 29      Spells: 24/24 levels left

rFire    + + .     SeeInvis .   J - +9 demon whip (antimagic)
rCold    + + +     Gourm    .   V - +1 shield {reflect}
rNeg     + + .     Faith    .   t - +6 plate armour {rF+}
rPois    +         Spirit   .   x - +2 hat of Card Tricks {rC+ Int+3 Slay+2}
rElec    .         Reflect  +   Z - +1 cloak of Jotton {rPois MR+ Regen+ Str+3}
rCorr    .         Harm     .   b - +0 pair of gloves of Hospitality {+Inv rPois Str+4 Dex+2}
MR       +++++     Clarity  +   (no boots)
Stlth    ..........             y - amulet of the Four Winds {rN+ MR+++ Clar}
HPRegen  1.01/turn              Q - ring of the Distant Future {rPois rF+ rC+ Str-4 Dex+6}
MPRegen  0.10/turn              R - ring of the Rabble {rPois rC++ rN+ Dex+3}

@: berserking (expiring), lethally poisoned (-2 -> -2), flayed, studying
Throwing, very quick
A: retaliatory headbutt, horns 2, talons 2, blurry vision 1, clumsy 1,
deterioration 1, frail 2, low mp 1, strong 1, no potion heal 2, subdued magic 1
}: 4/15 runes: decaying, slimy, silver, gossamer
a: Berserk, Trog's Hand, Brothers in Arms, Burn Spellbooks, Renounce Religion,
Evoke Invisibility


You were on level 2 of the Crypt.
You worshipped Trog.
Trog was exalted by your worship.
You were not hungry.

You visited 10 branches of the dungeon, and saw 49 of its levels.
You visited 1 bazaar.
You also visited: Sewer and Ossuary.

You collected 9212 gold pieces.
You spent 1557 gold pieces at shops.

Inventory:

Hand Weapons
 J - a +9 antimagic demon whip (weapon)
Armour
 b - the +0 pair of gloves of Hospitality (worn) {+Inv rPois Str+4 Dex+2}
   (You acquired it on level 1 of the Swamp)

   It affects your strength (+4).
   It affects your dexterity (+2).
   It protects you from poison.
   It lets you turn invisible.
 t - a +6 plate armour of fire resistance (worn)
 x - the +2 hat of Card Tricks (worn) {rC+ Int+3 Slay+2}
   (You acquired it on level 1 of the Swamp)

   It affects your intelligence (+3).
   It affects your accuracy and damage with ranged weapons and melee attacks
   (+2).
   It protects you from cold.
 V - a +1 shield of reflection (worn)
 Z - the +1 cloak of Jotton (worn) {rPois MR+ Regen+ Str+3}
   (You found it on level 5 of the Pits of Slime)

   It affects your strength (+3).
   It protects you from poison.
   It affects your resistance to hostile enchantments.
   It increases your rate of regeneration.
Jewellery
 j - an uncursed amulet of faith {unknown}
 y - the amulet of the Four Winds (around neck) {rN+ MR+++ Clar}
   (You found it on level 2 of the Spider Nest)

   [amulet of nothing]

   It protects you from negative energy.
   It affects your resistance to hostile enchantments.
   It protects you against confusion.
 Q - the ring of the Distant Future (left hand) {rPois rF+ rC+ Str-4 Dex+6}
   (You took it off a vault sentinel on level 5 of the Vaults)

   [ring of protection from fire]

   It affects your strength (-4).
   It affects your dexterity (+6).
   It protects you from fire.
   It protects you from cold.
   It protects you from poison.
 R - the ring of the Rabble (right hand) {rPois rC++ rN+ Dex+3}
   (You took it off a vault warden on level 5 of the Vaults)

   [ring of positive energy]

   It affects your dexterity (+3).
   It greatly protects you from cold.
   It protects you from poison.
   It protects you from negative energy.
Wands
 a - a wand of digging (23)
 l - a wand of clouds (12)
 s - a wand of enslavement (45)
 u - a wand of flame (73)
 v - a wand of iceblast (90)
 w - a wand of paralysis (53)
 N - a wand of disintegration (65)
 O - a wand of acid (25)
 S - a wand of polymorph (53)
Scrolls
 d - 5 scrolls of blinking
 h - 29 scrolls of remove curse
 i - 22 scrolls of teleportation
 k - 8 scrolls of magic mapping
 n - a scroll of acquirement
 p - 4 scrolls of enchant weapon
 D - 10 scrolls of fog
 H - a scroll of holy word
 T - 3 scrolls of silence
 W - a scroll of brand weapon
 X - 5 scrolls of fear
Potions
 e - 11 potions of lignification
 f - 27 potions of curing
 g - 4 potions of ambrosia
 m - 10 potions of heal wounds
 o - 14 potions of brilliance
 q - 2 potions of resistance
 r - 8 potions of agility
 z - 9 potions of haste
 B - 5 potions of cancellation
 C - 6 potions of flight
 E - 2 potions of magic
 F - 3 potions of might
Books
 P - a Young Poisoner's Handbook

   Spells                             Type                      Level
   a - Sting                          Conjuration/Poison           1
   b - Poisonous Vapours              Poison/Air                   2
   c - Mephitic Cloud                 Conjuration/Poison/Air       3
   d - Olgreb's Toxic Radiance        Poison                       4
   e - Venom Bolt                     Conjuration/Poison           5
   Trog disapproves of the use of such an item.
 Y - a manual of Throwing
Miscellaneous
 A - a lightning rod (4/4)
Comestibles
 c - 47 rations


   Skills:
 O Level 27 Fighting
 O Level 27 Maces & Flails
 + Level 24.1 Armour
 + Level 8.6 Dodging
 - Level 0.3 Stealth
 + Level 20.3 Shields


You had 24 spell levels left.
You didn't know any spells.

Dungeon Overview and Level Annotations

Branches:
Dungeon (15/15)            Temple (1/1) D:4            Lair (6/6) D:11
  Swamp (4/4) Lair:2       Spider (4/4) Lair:2        Slime (5/5) Lair:6
    Orc (2/2) D:9             Elf (0/3) Orc:2        Vaults (5/5) D:14
  Crypt (2/3) Vaults:2     Depths (5/5) D:15            Zot (0/5) Depths:5

Altars:
Ashenzari
Cheibriados
Dithmenos
Elyvilon
Fedhas
Gozag
Hepliaklqana
Kikubaaqudgha
Makhleb
Nemelex Xobeh
Okawaru
Qazlal
Ru
Sif Muna
Trog
Uskayaw
Vehumet
Wu Jian
Xom
Yredelemnul
Zin
The Shining One

Shops:
D:6 [   D:8 (   D:13 =   D:15 %   Orc:2 (:*[(   Vaults:3 *   Vaults:4 (*
Depths:3 }}=*

Portals:
Hell: Depths:1 Depths:2 Depths:3 Depths:4 Depths:5
Abyss: Depths:4
Pandemonium: Depths:2 Depths:3 Depths:4 Depths:5
Ziggurat: Depths:2


Innate Abilities, Weirdness & Mutations

You reflexively headbutt those who attack you in melee.
You have a pair of horns on your head.
You have razor-sharp toenails.
Scrolls take you a little longer to read.
You are clumsy. (Dex -2)
Your body sometimes deteriorates upon taking damage.
You are very frail. (-20% HP)
Your magical capacity is low. (-10% MP)
Your muscles are strong. (Str +2)
Potions are poor at restoring your health.
Your spells are a little easier to cast, but a little less powerful.


Message History

Deactivating autopickup; reactivate with Ctrl-A.
You thrash the jiangshi!!
You destroy the jiangshi!
You whack the wight! Your kick misses the wight. You headbutt the wight.
The wight is almost destroyed.
You feel sick.
You devastate the wight!!!!
You destroy the wight!
The curse skull rattles its jaw.
You thrash the vampire!!
The vampire's magic leaks into the air.
You claw the vampire! Your headbutt misses the vampire.
The vampire is almost destroyed.
You completely miss the vampire.
You destroy the vampire!
The curse skull calls on the powers of darkness!
Your body is wracked with pain!
* * * LOW HITPOINT WARNING * * *
You block the fire giant zombie's attack.
You feel sick. Something hits you but does no damage. Something bites you!
You die...

. .# ##### ..# #...#
..########...#####
.................###
......#####.....Z..#
......#####.....@Zz#
.................{WWM..#
...################.W..#
...# zW..# ...#### ##.#
........ # ........
........# ###'..[.#


You could see an eidolon, 2 flayed ghosts, a curse skull, a freezing wraith, a
mummy, a fire giant zombie and a stone giant skeleton.

Vanquished Creatures
  the Royal Jelly (Slime:5)
  Mara (Swamp:3)
  An ancient lich (Vaults:5)
  Margery (Depths:4)
  The ghost of Lentor the Shatterer, an adept MiBe of Trog (Depths:2)
  4 golden dragons
  A bone dragon (Depths:5)
  3 liches
  A tentacled monstrosity (Vaults:5)
  5 sphinxes
  6 titans
  2 ancient champions (Crypt:2)
  21 acid blobs
  Frances (Swamp:1)
  6 shadow dragons
  3 thorn hunters
  A revenant (Vaults:2)
  Donald (Vaults:4)
  4 tengu reavers
  3 storm dragons
  12 azure jellies
  4 fire giants
  The ghost of RepoMan the Scorcher, a journeyman DgFE (Swamp:3)
  The ghost of error the Alchemist, an adept OpSu of Vehumet (Spider:3)
  3 ghost moths
  7 emperor scorpions
  3 iron dragons
  2 deep elf sorcerers (Vaults:4)
  A balrug (Depths:2)
  10 ghouls
  Louise (Swamp:4)
  Aizul (Swamp:1)
  10 vault wardens
  6 frost giants
  A deep elf elementalist (Vaults:5)
  An orc warlord (Orc:2)
  A curse skull (Crypt:1)
  17 ironheart preservers
  A stone giant (shapeshifter) (Vaults:5)
  2 war gargoyles
  2 reapers (Crypt:2)
  A draconian stormcaller (Depths:5)
  15 stone giants
  19 very ugly things
  14 vampire knights
  4 entropy weavers
  The ghost of Scypier the Severer, a journeyman HOFi of Beogh (Lair:5)
  2 deep elf demonologists
  3 deep elf annihilators
  A black draconian (Depths:5)
  2 white draconians (Depths:5)
  A small abomination (Vaults:4)
  3 yellow draconians (Depths:5)
  4 spark wasps
  2 eidola
  6 deep elf death magi
  7 ettins
  A merfolk impaler (Depths:4)
  The ghost of nawrastar the Arsonist, a journeyman DrFE of Vehumet (Lair:5)
  5 deep elf high priests
  11 death oozes
  10 jiangshi
  Harold (Orc:1)
  10 fire dragons
  14 yaktaur captains
  17 great orbs of eyes
  A monstrous demonspawn (Depths:4)
  An anaconda (shapeshifter) (Vaults:1)
  32 vault guards
  2 rakshasas
  Erolcha (Orc:1)
  A spriggan air mage (Depths:2)
  Erica (D:9)
  12 ice dragons
  20 hydras
  A queen ant (D:8)
  6 ghost crabs
  A hell hog (Depths:5)
  8 centaur warriors
  6 death knights
  22 two-headed ogres
  9 alligators
  4 tengu warriors
  5 ogre magi
  7 death scarabs (Spider:4)
  9 deep troll earth magi
  7 vampire magi
  A dancing weapon (D:15)
  8 deep troll shamans
  13 death yaks
  4 orc high priests
  5 deep elf knights
  5 spriggan berserkers
  A sun demon (Depths:2)
  4 soul eaters
  Sonja (Lair:4)
  2 large abominations (Vaults:4)
  9 hell knights
  3 shadow wraiths
  33 skeletal warriors
  2 iron trolls
  A storm dragon skeleton (Crypt:1)
  A fire crab (shapeshifter) (Vaults:4)
  2 cherubim (D:15)
  34 deep trolls
  8 spriggan druids
  A gelid demonspawn (Depths:4)
  A deep troll (shapeshifter) (Vaults:1)
  A sea snake (shapeshifter) (Vaults:5)
  3 wizards
  11 deep elf archers
  13 ironbrand convokers
  3 glowing orange brains
  An entropy weaver zombie (Crypt:1)
  8 phantasmal warriors
  6 shambling mangroves
  3 spectral wolf spiders (Spider:4)
  A swamp dragon (shapeshifter) (Vaults:2)
  5 unseen horrors
  A lindwurm (Lair:5)
  An orange crystal statue (Depths:2)
  3 flayed ghosts
  13 swamp dragons
  10 harpies
  14 orb spiders
  3 wolf spider zombies
  2 orb spiders (shapeshifter)
  11 orc knights
  25 wolf spiders
  3 manticores
  An anaconda skeleton (Crypt:1)
  6 orc sorcerers
  29 ugly things
  19 deep elf magi
  A stone giant zombie (Vaults:5)
  9 necromancers
  3 oklob plants
  A mana viper (shapeshifter) (Vaults:4)
  A moth of wrath (Spider:4)
  3 cyclopes
  13 shining eyes
  A fire giant zombie (Vaults:5)
  4 apocalypse crabs (Swamp:1)
  An elephant (shapeshifter) (Depths:5)
  Maurice (Orc:1)
  A fire giant skeleton (Crypt:1)
  A stone giant skeleton (Vaults:2)
  A black mamba (Lair:1)
  41 spiny frogs
  2 eyes of devastation
  11 elephants
  16 vault sentinels
  A gargoyle (D:15)
  A rime drake (Lair:6)
  A torpor snail (Lair:5)
  2 spiny frogs (shapeshifter)
  2 redback zombies
  8 komodo dragons
  9 freezing wraiths
  4 centaur skeletons
  5 spectral swamp worms (Depths:2)
  A yaktaur (shapeshifter) (Vaults:5)
  4 yaktaur zombies
  An alligator snapping turtle skeleton (Crypt:1)
  20 demonic crawlers
  4 spectral redbacks (Spider:4)
  2 hellwings
  3 kobold demonologists
  19 yaktaurs
  A tormentor (Depths:4)
  A tengu conjurer (Depths:5)
  An ice devil (Depths:4)
  A komodo dragon (shapeshifter) (Depths:2)
  A pale draconian skeleton (Crypt:2)
  A red devil (Depths:2)
  A human skeleton (Vaults:2)
  33 jumping spiders
  A wind drake (shapeshifter) (Depths:2)
  14 tyrant leeches
  Prince Ribbit (D:7)
  27 hornets
  A polar bear (Lair:6)
  6 trolls
  A jumping spider (shapeshifter) (Vaults:5)
  2 spectral tarantellas (Spider:4)
  10 bog bodies
  4 spectral jumping spiders (Spider:4)
  A shadow dragon simulacrum (Vaults:5)
  A tarantella zombie (Spider:4)
  29 blink frogs
  A jumping spider zombie (Spider:4)
  2 meliai zombies
  87 slime creatures
  A blink frog (shapeshifter) (Vaults:4)
  2 hippogriffs (shapeshifter)
  12 hippogriffs
  A frost giant simulacrum (Vaults:5)
  A centaur simulacrum (D:15)
  75 redbacks
  A fire dragon skeleton (D:15)
  3 flying skulls (Crypt:2)
  8 wraiths
  2 ice dragon zombies (D:15)
  2 wyverns
  Sigmund (D:2)
  11 spriggans
  5 shadows
  38 yaks
  16 water elementals
  A basilisk (shapeshifter) (Vaults:1)
  2 ettin skeletons (Crypt:1)
  35 tarantellas
  4 basilisks
  A black mamba skeleton (Crypt:1)
  6 golden eyes (Slime:5)
  4 hungry ghosts
  Eustachio (D:5)
  A yak (shapeshifter) (Depths:3)
  A yaktaur simulacrum (Vaults:2)
  21 vampire mosquitoes
  A human simulacrum (Vaults:1)
  Menkaure (D:6)
  A steam dragon (D:11)
  5 wargs
  An elf simulacrum (Vaults:5)
  A soldier ant (shapeshifter) (Vaults:5)
  5 acid dragons
  5 insubstantial wisps (Swamp:2)
  A harpy simulacrum (D:13)
  Duvessa (D:5)
  24 swamp worms
  5 water moccasins
  16 soldier ants
  6 hell hounds (Depths:5)
  7 porcupines
  2 spectral hornets (Spider:4)
  Purgy (Sewer)
  A hornet zombie (D:8)
  47 orc warriors
  A swamp dragon zombie (Crypt:2)
  6 ice beasts
  A sky beast (shapeshifter) (Vaults:5)
  A sky beast (D:7)
  12 swamp drakes
  2 black bears
  11 eyes of draining
  7 necrophages
  A phantom (D:6)
  6 boggarts
  A manticore skeleton (Crypt:2)
  7 wolves
  An eye of draining (shapeshifter) (Depths:3)
  26 centaurs
  29 ogres
  A crocodile (shapeshifter) (Vaults:5)
  3 big kobolds
  11 crocodiles
  A wyvern zombie (D:11)
  31 bullfrogs
  A yaktaur skeleton (Crypt:1)
  A water moccasin zombie (Crypt:1)
  A wyvern skeleton (D:15)
  Dowan (D:5)
  2 scorpions
  A queen bee zombie (Crypt:2)
  A water moccasin skeleton (D:5)
  13 killer bees
  An electric eel (D:14)
  11 wights
  3 howler monkeys (D:12)
  7 crimson imps
  3 centaur zombies
  2 hounds (D:8)
  3 human zombies
  A quasit (Depths:2)
  A hound (shapeshifter) (Vaults:2)
  6 jellies
  29 orc priests
  3 bullfrog skeletons
  2 iron imps (Depths:2)
  Ijyb (D:3)
  Terence (D:3)
  12 iguanas
  30 orc wizards
  25 worker ants
  2 big kobold zombies (Ossuary)
  A big kobold skeleton (Crypt:2)
  3 hound zombies
  A hound skeleton (D:9)
  4 mummies (Ossuary)
  4 worker ant zombies
  A howler monkey zombie (D:7)
  A howler monkey skeleton (Crypt:1)
  3 gnolls (Orc:2)
  17 adders
  5 shadow imps
  2 white imps (Depths:2)
  An ufetubus (Depths:2)
  4 oozes
  3 adder zombies
  A lava snake skeleton (Crypt:2)
  2 worms
  2 dart slugs
  7 leopard geckos
  118 orcs
  11 giant cockroaches
  13 hobgoblins
  14 jackals
  4 quokkas
  A river rat zombie (Crypt:1)
  5 ball pythons
  8 bats
  5 frilled lizards
  A frilled lizard skeleton (Crypt:1)
  A giant cockroach zombie (D:5)
  10 goblins
  A hobgoblin zombie (Crypt:2)
  2 jackal skeletons
  26 kobolds
  3 kobold zombies (Ossuary)
  A leopard gecko zombie (D:5)
  An orc zombie (Ossuary)
  A quokka zombie (Crypt:1)
  8 rats
  2 rat zombies (Ossuary)
  3 briar patches (Swamp:4)
  2 plants
2239 creatures vanquished.

Vanquished Creatures (collateral kills)
  2 acid blobs (Slime:5)
  A thorn hunter (Swamp:2)
  An azure jelly (Slime:5)
  4 vault wardens
  An emperor scorpion (Spider:1)
  A draconian shifter (Depths:4)
  An ironheart preserver (Vaults:1)
  An ettin (Depths:2)
  2 yaktaur captains
  An ice dragon (Vaults:1)
  A rakshasa (Depths:2)
  A great orb of eyes (Vaults:1)
  3 ogre magi
  3 vault guards
  An alligator (Swamp:3)
  2 centaur warriors (Vaults:1)
  2 two-headed ogres
  A death scarab (Spider:4)
  A tengu warrior (Depths:2)
  A death knight (Vaults:4)
  A hell hog (Depths:4)
  2 deep elf knights (Vaults:2)
  A swamp dragon (Swamp:4)
  2 flayed ghosts
  A deep elf archer (Vaults:1)
  A deep troll (Vaults:2)
  4 ironbrand convokers
  A harpy (Vaults:1)
  An orc knight (Orc:2)
  A wolf spider (Spider:1)
  An orc sorcerer (Vaults:2)
  2 cyclopes (Vaults:1)
  4 deep elf magi
  2 ugly things (Vaults:2)
  7 orb spiders
  2 vault sentinels (Vaults:1)
  A moth of wrath (Spider:4)
  A spiny frog (Swamp:4)
  2 kobold demonologists (D:11)
  A yaktaur (Vaults:4)
  A freezing wraith (Vaults:4)
  3 demonic crawlers
  A tengu conjurer (Depths:2)
  3 jumping spiders (Spider:1)
  A troll (Orc:2)
  4 hornets
  A spectral jumping spider (Spider:4)
  A meliai (shapeshifter) (Depths:2)
  3 slime creatures (Vaults:1)
  5 redbacks
  3 spriggans
  5 tarantellas (Spider:1)
  A warg (Orc:2)
  8 orc warriors (Orc:2)
  2 boggarts
  A centaur (Vaults:1)
  A big kobold (D:11)
  A wight (D:11)
  A crimson imp (D:11)
  13 orc priests (Orc:2)
  3 orc wizards (Orc:2)
  15 orcs
  2 kobolds (D:11)
148 creatures vanquished.

Vanquished Creatures (others)
  A merfolk javelineer (Depths:4)
  A yaktaur captain (Vaults:5)
  A centaur warrior (Depths:1)
  An alligator (Swamp:3)
  A spriggan druid (Swamp:4)
  3 yaktaurs (Vaults:5)
  A redback (Spider:3)
  A tarantella (Spider:1)
  3 orcs (Orc:2)
  A briar patch (Swamp:4)
  24 fungi
  65 plants
  3 withered plants (D:15)
106 creatures vanquished.

Grand Total: 2493 creatures vanquished

Notes
Turn   | Place    | Note
-------+----------+-------------------------------------------
     0 | D:1      | Lentor the Minotaur Berserker began the quest for the Orb.
     0 | D:1      | Reached XP level 1. HP: 19/19 MP: 0/0
   257 | D:1      | Reached XP level 2. HP: 26/27 MP: 1/1
   688 | D:1      | Reached XP level 3. HP: 33/33 MP: 2/2
  1149 | D:2      | Found an opulent altar of Gozag.
  1213 | D:2      | Reached XP level 4. HP: 35/41 MP: 3/3
  1216 | D:2      | Reached ** piety under Trog
  1337 | D:2      | Reached skill level 5 in Maces & Flails
  1491 | D:2      | Noticed Sigmund
  1513 | D:2      | Killed Sigmund
  1513 | D:2      | Reached skill level 5 in Fighting
  1513 | D:2      | Reached XP level 5. HP: 22/48 MP: 4/4
  1513 | D:2      | Reached XP level 6. HP: 26/56 MP: 5/5
  2008 | D:3      | Found a radiant altar of Vehumet.
  2074 | D:3      | Noticed Terence
  2076 | D:3      | Noticed Ijyb
  2087 | D:3      | Killed Terence
  2100 | D:3      | Killed Ijyb
  2529 | D:4      | Found a staircase to the Ecumenical Temple.
  2533 | D:4      | Reached *** piety under Trog
  2542 | Temple   | Entered the Ecumenical Temple
  2757 | D:4      | Found an iron altar of Okawaru.
  3128 | D:4      | Found a blossoming altar of Fedhas.
  3247 | D:5      | Entered Level 5 of the Dungeon
  3281 | D:5      | Noticed Duvessa
  3285 | D:5      | Noticed Dowan
  3287 | D:5      | Reached XP level 7. HP: 55/62 MP: 6/6
  3289 | D:5      | Noticed Eustachio
  3294 | D:5      | Killed Duvessa
  3300 | D:5      | Killed Dowan
  3313 | D:5      | Killed Eustachio
  3531 | D:5      | Reached skill level 5 in Armour
  3542 | D:5      | Found a bloodstained altar of Trog.
  4129 | D:5      | Found an ornate altar of the Wu Jian Council.
  4129 | D:5      | Found a faded altar of an unknown god.
  4133 | D:5      | Reached **** piety under Trog
  4140 | D:5      | Reached XP level 8. HP: 47/70 MP: 7/7
  4344 | D:5      | Found a faded altar of an unknown god.
  4346 | D:5      | Found a hide-covered altar of Uskayaw.
  4348 | D:5      | Found a glowing silver altar of Zin.
  4470 | D:6      | Found a glowing drain.
  4502 | D:6      | Found Plog's Antique Armour Shop.
  4565 | D:6      | Found a sand-covered staircase.
  4570 | Ossuary  | Entered an ossuary
  4837 | Sewer    | Entered a sewer
  4862 | Sewer    | Noticed Purgy
  4878 | Sewer    | Killed Purgy
  5090 | D:6      | Reached skill level 10 in Maces & Flails
  5311 | D:6      | Noticed Menkaure
  5317 | D:6      | Killed Menkaure
  5468 | D:6      | Reached XP level 9. HP: 80/80 MP: 8/8
  5836 | D:7      | Gained mutation: You are somewhat resistant to further mutation. [potion of mutation]
  5837 | D:7      | Lost mutation: You are somewhat resistant to further mutation. [potion of mutation]
  5837 | D:7      | Gained mutation: You have supernaturally acute eyesight. (SInv) [potion of mutation]
  5837 | D:7      | Gained mutation: You are agile. (Dex +2) [potion of mutation]
  5837 | D:7      | Gained mutation: Your body sometimes deteriorates upon taking damage. [potion of mutation]
  5837 | D:7      | Gained mutation: You are very agile. (Dex +4) [potion of mutation]
  5953 | D:7      | Noticed Prince Ribbit
  5961 | D:7      | Killed Prince Ribbit
  5961 | D:7      | Reached ***** piety under Trog
  6320 | D:8      | Paralysed by a hornet for 3 turns
  6830 | D:8      | Noticed a two-headed ogre
  6831 | D:8      | Reached XP level 10. HP: 91/91 MP: 9/9
  7142 | D:8      | Killed a two-headed ogre
  7181 | D:8      | Noticed a queen ant
  7427 | D:8      | Killed a queen ant
  7427 | D:8      | Reached skill level 10 in Fighting
  7427 | D:8      | Reached skill level 10 in Armour
  7918 | D:8      | Received a gift from Trog
  7959 | D:8      | Reached XP level 11. HP: 79/101 MP: 10/10
  8107 | D:8      | Found Wegh's Antique Weapon Shop.
  8286 | D:8      | Found a sparkling altar of Nemelex Xobeh.
  8286 | D:8      | Found an opulent altar of Gozag.
  8644 | D:9      | Noticed Erica
  8651 | D:9      | Killed Erica
  8923 | D:9      | Received a gift from Trog
  8942 | D:9      | Found a staircase to the Orcish Mines.
  9424 | D:10     | Entered Level 10 of the Dungeon
  9716 | D:10     | Received a gift from Trog
 10078 | D:10     | Reached ****** piety under Trog
 10305 | D:11     | Received a gift from Trog
 10337 | D:11     | Reached skill level 15 in Maces & Flails
 10410 | D:11     | Found a staircase to the Lair.
 10436 | D:11     | Reached XP level 12. HP: 112/112 MP: 3/11
 10734 | D:11     | Noticed a two-headed ogre
 10756 | D:11     | Killed a two-headed ogre
 10894 | Lair:1   | Entered Level 1 of the Lair of Beasts
 11272 | Lair:1   | Received a gift from Trog
 12042 | Lair:2   | Noticed a four-headed hydra
 12051 | Lair:2   | Killed a four-headed hydra
 12968 | Lair:2   | Noticed a six-headed hydra
 12984 | Lair:2   | Killed a six-headed hydra
 13320 | Lair:2   | Found a staircase to the Swamp.
 13416 | Lair:2   | Found a hole to the Spider Nest.
 13778 | Lair:3   | Reached XP level 13. HP: 111/122 MP: 4/12
 14236 | Lair:3   | Received a gift from Trog
 14685 | Lair:3   | Found a blossoming altar of Fedhas.
 15216 | Lair:4   | Noticed Sonja
 15225 | Lair:4   | Killed Sonja
 16514 | Lair:5   | Noticed nawrastar's ghost (journeyman DrFE)
 16523 | Lair:5   | Killed nawrastar's ghost
 16610 | Lair:5   | Received a gift from Trog
 16960 | Lair:5   | Noticed Scypier's ghost (journeyman HOFi)
 16974 | Lair:5   | Killed Scypier's ghost
 17112 | Lair:5   | Reached XP level 14. HP: 127/133 MP: 4/13
 17808 | Lair:6   | Entered Level 6 of the Lair of Beasts
 17808 | Lair:6   | Found a staircase to the Slime Pits.
 17812 | Lair:6   | Reached skill level 15 in Armour
 18573 | Lair:6   | Reached skill level 5 in Dodging
 18717 | Lair:6   | Reached skill level 15 in Fighting
 19244 | Lair:6   | Received a gift from Trog
 19863 | Orc:1    | Entered Level 1 of the Orcish Mines
 19865 | Orc:1    | Noticed Harold
 19873 | Orc:1    | Noticed Maurice
 19887 | Orc:1    | Killed Harold
 19895 | Orc:1    | Killed Maurice
 20219 | Orc:2    | Entered Level 2 of the Orcish Mines
 20393 | Orc:2    | Found Hiwnauwaets's Weapon Boutique.
 20402 | Orc:2    | Found a staircase to the Elven Halls.
 20436 | Orc:2    | Received a gift from Trog
 21064 | Orc:2    | Found a shimmering altar of Xom.
 21119 | Orc:2    | Noticed an orc warlord
 21129 | Orc:2    | Killed an orc warlord
 21333 | Orc:2    | Received a gift from Trog
 21333 | Orc:2    | Reached XP level 15. HP: 100/143 MP: 4/14
 21732 | Orc:2    | Found Ynoeten's Antique Armour Shop.
 21733 | Orc:2    | Found Gehoh's Antique Weapon Shop.
 21741 | Orc:2    | Found Ynudd's General Store.
 21741 | Orc:2    | Found Miut's Book Boutique.
 21750 | Orc:2    | Bought a translucent whip for 232 gold pieces
 21839 | Orc:2    | Identified the +8 whip "Obraodog" {speed, rElec} (You bought it in a shop on level 2 of the Orcish Mines)
 23070 | D:12     | Found the cursed +14 obsidian axe {chop, +Fly SInv *Curse}
 23926 | D:13     | Found a white marble altar of Elyvilon.
 23981 | D:13     | Found Sofyodefu's Jewellery Shoppe.
 24891 | D:14     | Received a gift from Trog
 24897 | D:14     | Found a gate to the Vaults.
 25052 | D:15     | Entered Level 15 of the Dungeon
 25343 | D:15     | Found a staircase to the Depths.
 26511 | Orc:1    | Noticed Erolcha
 26517 | Orc:1    | Killed Erolcha
 26839 | D:15     | Received a gift from Trog
 27030 | D:15     | Found Fylel's Food Boutique.
 27348 | Swamp:1  | Entered Level 1 of the Swamp
 27621 | Swamp:1  | Reached XP level 16. HP: 151/156 MP: 15/15
 27682 | Swamp:1  | Noticed Aizul
 27704 | Swamp:1  | Killed Aizul
 27936 | Swamp:1  | Found a runed door.
 28150 | Swamp:1  | Found the +11 plutonium sword {*Contam Stlth-}
 28207 | Swamp:1  | Noticed Frances
 28221 | Swamp:1  | Killed Frances
 28233 | Swamp:1  | Identified 2 scrolls of acquirement
 28248 | Swamp:1  | Got a spiked hat
 28254 | Swamp:1  | Identified the +2 hat of Card Tricks {rC+ Int+3 Slay+2} (You acquired it on level 1 of the Swamp)
 28255 | Swamp:1  | Got a pair of heavily runed gloves
 28266 | Swamp:1  | Identified the +0 pair of gloves of Hospitality {+Inv rPois Str+4 Dex+2} (You acquired it on level 1 of the Swamp)
 28929 | Swamp:2  | Noticed a thorn hunter
 28950 | Swamp:2  | Killed a thorn hunter
 28951 | Swamp:2  | Received a gift from Trog
 29403 | Swamp:2  | Paralysed by a hornet for 1 turns
 30564 | Swamp:3  | Noticed RepoMan's ghost (journeyman DgFE)
 30589 | Swamp:3  | Killed RepoMan's ghost
 31120 | Swamp:3  | Received a gift from Trog
 31215 | Swamp:3  | Noticed Mara
 31228 | Swamp:3  | Noticed Lentor's illusion
 31557 | Swamp:3  | Noticed Lentor's illusion
 31572 | Swamp:3  | Killed Mara
 32081 | Swamp:4  | Entered Level 4 of the Swamp
 32325 | Swamp:4  | Noticed Louise
 32336 | Swamp:4  | Killed Louise
 32336 | Swamp:4  | Reached XP level 17. HP: 142/168 MP: 5/16
 32337 | Swamp:4  | Found a deep blue altar of Sif Muna.
 32483 | Swamp:4  | Received a gift from Trog
 34235 | Swamp:4  | Got a decaying rune of Zot
 34662 | Spider:1 | Entered Level 1 of the Spider Nest
 36673 | Spider:2 | Received a gift from Trog
 36674 | Spider:2 | Reached XP level 18. HP: 172/180 MP: 5/17
 37360 | Spider:2 | Found the amulet of the Four Winds {rN+ MR+++ Clar}
 37520 | Spider:3 | Noticed error's ghost (adept OpSu)
 37528 | Spider:3 | Killed error's ghost
 38711 | Spider:4 | Entered Level 4 of the Spider Nest
 38950 | Spider:4 | Received a gift from Trog
 39225 | Spider:4 | HP: 7/182 [spark wasp/living lightning (23)]
 40998 | Spider:4 | Got a gossamer rune of Zot
 41347 | Vaults:1 | Entered Level 1 of the Vaults
 42118 | Vaults:1 | Reached XP level 19. HP: 191/191 MP: 6/18
 43411 | Vaults:2 | Received a gift from Trog
 44249 | Vaults:2 | Found a staircase to the Crypt.
 45397 | Vaults:2 | Reached XP level 20. HP: 129/204 MP: 6/19
 45978 | Vaults:3 | Found Miuhu's Assorted Antiques.
 46001 | Vaults:3 | Found a magical portal.
 46042 | Vaults:3 | Bought a runed plate armour for 650 gold pieces
 46916 | Vaults:3 | Received a gift from Trog
 48149 | Vaults:4 | Found Nexze's Antique Weapon Emporium.
 48617 | Vaults:4 | Noticed Donald
 48622 | Vaults:4 | Killed Donald
 48978 | Vaults:4 | Received a gift from Trog
 49072 | Vaults:4 | Found Ihier's General Store.
 49301 | Crypt:1  | Entered Level 1 of the Crypt
 49551 | Vaults:2 | Reached skill level 1 in Shields
 50032 | Depths:1 | Entered Level 1 of the Depths
 50303 | Depths:1 | Found a gateway to Hell.
 50348 | Depths:1 | Reached XP level 21. HP: 215/215 MP: 6/20
 51162 | Depths:2 | Found a gateway to a ziggurat.
 51230 | Depths:2 | Found a one-way gate leading to the halls of Pandemonium.
 51430 | Depths:2 | Noticed Lentor's ghost (adept MiBe)
 51459 | Depths:2 | Killed Lentor's ghost
 51629 | Depths:2 | Received a gift from Trog
 51629 | Depths:2 | Reached skill level 5 in Shields
 51838 | Depths:2 | Found a runed door.
 52461 | Depths:2 | Found a runed door.
 53641 | Depths:2 | Found a gateway to a ziggurat.
 53898 | Depths:2 | Found a one-way gate leading to the halls of Pandemonium.
 54365 | Depths:3 | Found Hagih's Antique Artefacts.
 54385 | Depths:3 | Bought a warped glass ring for 215 gold pieces
 54385 | Depths:3 | Identified the ring "Doceitil" {rPois Stlth+} (You bought it in a shop on level 3 of the Depths)
 54437 | Depths:3 | Received a gift from Trog
 54871 | Depths:3 | Found Gacexoub's Jewellery Shop.
 54871 | Depths:3 | Found Ratiraipp's Gadget Shoppe.
 54872 | Depths:3 | Found Dealun's Gadget Shoppe.
 56058 | Depths:4 | Noticed Margery
 56157 | Depths:4 | Found a one-way gate to the infinite horrors of the Abyss.
 56246 | Depths:4 | Reached XP level 22. HP: 220/226 MP: 7/21
 56360 | Depths:4 | Found an iron altar of Okawaru.
 56639 | Depths:4 | Killed Margery
 56809 | Depths:5 | Entered Level 5 of the Depths
 57053 | Depths:5 | Reached skill level 10 in Shields
 57104 | Depths:5 | Received a gift from Trog
 57341 | Depths:5 | Noticed a golden dragon
 57342 | Depths:5 | Noticed a golden dragon
 57357 | Depths:5 | Killed a golden dragon
 57365 | Depths:5 | Killed a golden dragon
 57776 | Depths:4 | Got a pair of smoking gloves
 57777 | Depths:4 | Identified the +0 pair of gloves of Qylaomp {Regen+} (You acquired it on level 4 of the Depths)
 57826 | Depths:5 | Found a gate to the Realm of Zot.
 58287 | Depths:5 | Found a gateway to a bazaar.
 58293 | Bazaar   | Entered a bazaar
 58293 | Bazaar   | Found Uliedig's Food Boutique.
 58293 | Bazaar   | Found Zutain's Gadget Shop.
 58293 | Bazaar   | Found Varch's Gadget Boutique.
 58293 | Bazaar   | Found Hoafuere's Antique Armour Boutique.
 58293 | Bazaar   | Found Exil's Antique Armour Shop.
 58293 | Bazaar   | Found Etzetyl's Gadget Boutique.
 59272 | Vaults:5 | Entered Level 5 of the Vaults
 59928 | Vaults:5 | Noticed a golden dragon
 60294 | Vaults:5 | Killed a golden dragon
 60301 | Vaults:5 | Reached XP level 23. HP: 238/238 MP: 7/22
 60528 | Vaults:4 | Received a gift from Trog
 60948 | Vaults:5 | Noticed an ancient lich
 60965 | Vaults:5 | Killed an ancient lich
 61916 | Vaults:4 | Received a gift from Trog
 62528 | Vaults:4 | Reached skill level 27 in Maces & Flails
 62985 | Vaults:5 | Got a brightly glowing bone ring
 63000 | Vaults:5 | Reached skill level 27 in Fighting
 63145 | Vaults:5 | Identified the ring of the Distant Future {rPois rF+ rC+ Str-4 Dex+6} (You took it off a vault sentinel on level 5 of the Vaults)
 63189 | Vaults:5 | Reached skill level 15 in Shields
 63387 | Vaults:5 | Received a gift from Trog
 63531 | Vaults:5 | Got a clouded glass ring
 63648 | Vaults:5 | Identified the ring of the Rabble {rPois rC++ rN+ Dex+3} (You took it off a vault warden on level 5 of the Vaults)
 63864 | Vaults:5 | Got a silver rune of Zot
 64500 | Slime:1  | Entered Level 1 of the Pits of Slime
 64502 | Slime:1  | Lost mutation: You are very agile. (Dex +4) [a shining eye]
 64504 | Slime:1  | Gained mutation: You are frail. (-10% HP) [a shining eye]
 64524 | Slime:1  | Gained mutation: You are dopey. (Int -2) [a shining eye]
 64528 | Slime:1  | Lost mutation: You have supernaturally acute eyesight. (SInv) [a shining eye]
 64766 | Slime:1  | Lost mutation: You are dopey. (Int -2) [a shining eye]
 64768 | Slime:1  | Gained mutation: Your body often deteriorates upon taking damage. [a shining eye]
 64771 | Slime:1  | Gained mutation: You occasionally shout uncontrollably at your foes. [a shining eye]
 64773 | Slime:1  | Gained mutation: Potions are less effective at restoring your health. [a shining eye]
 65092 | Depths:3 | Bought an uncursed ring of resist corrosion for 460 gold pieces
 65443 | Slime:1  | Lost mutation: You are agile. (Dex +2) [a shining eye]
 65444 | Slime:1  | Gained mutation: You are clumsy. (Dex -2) [a shining eye]
 65450 | Slime:1  | Gained mutation: Scrolls take you a little longer to read. [a shining eye]
 65453 | Slime:1  | Gained mutation: Scrolls take you longer to read. [a shining eye]
 66093 | Slime:2  | Reached XP level 24. HP: 200/224 MP: 7/22
 66202 | Slime:2  | Gained mutation: Your magical capacity is low. (-10% MP) [a shining eye]
 66252 | Slime:2  | Received a gift from Trog
 66255 | Slime:2  | Got a slimy flail {god gift}
 66258 | Slime:2  | Identified the +9 flail of Kieb {freeze, rF- rC++ MR+ Dex+4} (Trog gifted it to you on level 2 of the Pits of Slime)
 67423 | Slime:4  | Gained mutation: You are very clumsy. (Dex -4) [a shining eye]
 67428 | Slime:4  | Gained mutation: Your spells are a little easier to cast, but a little less powerful. [a shining eye]
 67433 | Slime:4  | Gained mutation: You are very frail. (-20% HP) [a shining eye]
 67685 | Slime:5  | Entered Level 5 of the Pits of Slime
 67754 | Slime:5  | Noticed the Royal Jelly
 67786 | Slime:5  | Killed the Royal Jelly
 68820 | Slime:5  | Got a crude plate armour
 68823 | Slime:5  | Identified the cursed +1 plate armour of the Volcano {rPois rC+ Int-3} (You found it on level 5 of the Pits of Slime)
 68835 | Slime:5  | Got a transparent iron ring
 68837 | Slime:5  | Got a slimy rune of Zot
 68916 | Slime:5  | Got a brightly glowing iron amulet
 68964 | Slime:5  | Got a distressingly furry cloak
 68974 | Slime:5  | Identified the +1 cloak of Jotton {rPois MR+ Regen+ Str+3} (You found it on level 5 of the Pits of Slime)
 68976 | Slime:5  | Identified the amulet of Soaphez {Inacc rC+++ Str-2 Int-2 Dex+4} (You found it on level 5 of the Pits of Slime)
 68978 | Slime:5  | Identified the ring of Ucatue {*Slow rElec rC- MR+ Int+5} (You found it on level 5 of the Pits of Slime)
 69009 | Slime:5  | Got a warped triple sword
 69124 | Slime:5  | Gained mutation: Potions are poor at restoring your health. [a shining eye]
 69125 | Slime:5  | Gained mutation: You are extremely frail. (-30% HP) [a shining eye]
 69226 | Slime:5  | Received a gift from Trog
 70563 | Crypt:1  | Received a gift from Trog
 71254 | Crypt:1  | Identified Zotay's Almanac of Evil
 71309 | Crypt:2  | Received a gift from Trog
 71372 | Crypt:1  | Lost mutation: Scrolls take you longer to read. [potion of mutation]
 71372 | Crypt:1  | Lost mutation: You are very clumsy. (Dex -4) [potion of mutation]
 71372 | Crypt:1  | Lost mutation: You occasionally shout uncontrollably at your foes. [potion of mutation]
 71372 | Crypt:1  | Gained mutation: You have sharp toenails. [potion of mutation]
 71559 | D:15     | Lost mutation: You are extremely frail. (-30% HP) [potion of mutation]
 71559 | D:15     | Lost mutation: Your body often deteriorates upon taking damage. [potion of mutation]
 71559 | D:15     | Gained mutation: Your muscles are strong. (Str +2) [potion of mutation]
 71559 | D:15     | Gained mutation: You have razor-sharp toenails. [potion of mutation]
 72389 | Crypt:2  | Reached XP level 25. HP: 187/202 MP: 6/19
 72455 | Crypt:2  | HP: 7/307 [reaper/scythe of venom (19)]
 72461 | Crypt:2  | HP: 5/307 [poisoned by a reaper]
 72465 | Crypt:2  | Slain by a vampire

Skill      XL: |  1  2  3  4  5  6  7  8  9 10 11 12 13 14 15 16 17 18 19 20 21 22 23 24 |
---------------+-------------------------------------------------------------------------+-----
Fighting       | 4 5 6 7 9 10 12 13 14 15 17 19 20 22 23 24 25 26 27 | 27.0
Maces & Flails | 4 6 7 8 10 12 13 15 16 18 20 21 22 23 24 25 26 27 | 27.0
Armour         | 3 4 5 6 8 10 12 14 15 17 18 19 20 21 22 23 24 | 24.1
Dodging        | 3 4 5 6 7 8 |  8.6
Shields        | 2 9 12 16 20 | 20.3
Stealth        | |  0.3

Action                   |  1- 3 |  4- 6 |  7- 9 | 10-12 | 13-15 | 16-18 | 19-21 | 22-24 | 25-27 || total
-------------------------+-------+-------+-------+-------+-------+-------+-------+-------+-------++-------
Melee: Mace              |    59 |     2 |       |       |       |       |       |       |       ||    61
       Headbutt          |    11 |    31 |    57 |   202 |   486 |   626 |   713 |   801 |     4 ||  2931
       Flail             |       |   154 |   274 |   270 |       |       |       |       |       ||   698
       Dire flail        |       |       |       |   284 |       |       |       |       |       ||   284
       Great mace        |       |       |       |   149 |   760 |       |       |       |       ||   909
       Whip              |       |       |       |       |   837 |   572 |       |       |       ||  1409
       Demon whip        |       |       |       |       |       |  1150 |  1779 |  1948 |    11 ||  4888
       Kick              |       |       |       |       |       |       |       |   132 |     8 ||   140
Invok: Berserk           |       |     1 |     9 |     8 |    11 |    14 |     6 |    15 |     1 ||    65
       Burn Spellbooks   |       |       |     1 |     5 |       |     4 |     5 |     8 |       ||    23
       Trog's Hand       |       |       |       |     1 |       |     1 |     6 |       |       ||     8
       Brothers in Arms  |       |       |       |     2 |     6 |    26 |    24 |     7 |       ||    65
Evoke: Wand              |       |       |       |       |     1 |       |     1 |     1 |       ||     3
  Use: Scroll            |       |       |    17 |     7 |     9 |    25 |    13 |    19 |       ||    90
       Potion            |       |       |     2 |     1 |     1 |     1 |     3 |     2 |     1 ||    11
 Stab: Sleeping          |     1 |       |       |       |       |       |       |       |       ||     1
       Distracted        |       |       |       |       |       |     3 |     1 |     1 |       ||     5
       Held in net/web   |       |       |       |       |       |     1 |       |       |       ||     1
  Eat: Chunk             |       |     8 |    10 |    17 |    25 |    30 |    33 |    12 |       ||   135
       Ration            |       |       |     3 |     6 |     9 |    12 |     9 |    16 |     1 ||    56
Armor: Animal skin       |    17 |       |       |       |       |       |       |       |       ||    17
       Ring mail         |       |    28 |       |       |       |       |       |       |       ||    28
       Plate armour      |       |    18 |   181 |   344 |   628 |  1139 |   776 |   796 |     3 ||  3885
       Scale mail        |       |    14 |       |       |       |       |       |       |       ||    14
Dodge: Dodged            |    31 |    68 |   116 |   265 |   455 |   763 |   584 |   652 |     7 ||  2941
Block: Other             |       |       |       |    10 |    66 |    58 |       |       |       ||   134
       Reflection        |       |       |       |       |     3 |     1 |    25 |    61 |       ||    90
       Shield            |       |       |       |       |       |       |   330 |  1180 |    12 ||  1522
